 Dungeon Crawl Stone Soup version 0.21-a0-471-gd587bd5 (webtiles) character file.

171 kae the Digger (level 5, -8/28 HPs)
             Began as a Gargoyle Earth Elementalist on Nov 21, 2017.
             Killed from afar by kae's ghost (11 damage)
             ... with a stone arrow
             ... on level 3 of the Dungeon.
             The game lasted 00:02:17 (2753 turns).

kae the Digger (Gargoyle Earth Elementalist)        Turns: 2753, Time: 00:02:18

Health: -8/28      AC:  6    Str: 11    XL:     5   Next: 51%
Magic:  3/10       EV: 17    Int: 17    God:
Gold:   85         SH:  0    Dex: 15    Spells: 7/11 levels left

rFire    . . .     SeeInvis .   a - +0 hand axe
rCold    . . .     Gourm    .   (no shield)
rNeg     + . .     Faith    .   c - +0 robe
rPois    ∞         Spirit   .   (no helmet)
rElec    +         Reflect  .   (no cloak)
rCorr    .         Harm     .   (no gloves)
MR       .....                  (no boots)
Stlth    +++.......             (no amulet)
HPRegen  0.09/turn              (no ring)
MPRegen  0.12/turn              (no ring)

@: agile, very slightly contaminated, hasted, invisible, very quick
A: negative energy resistance 1, electricity resistance, unbreathing,
petrification resistance, rot immunity, AC +4
a: no special abilities


You were on level 3 of the Dungeon.
You were very hungry.

You visited 1 branch of the dungeon, and saw 3 of its levels.

You collected 85 gold pieces.

Inventory:

Hand Weapons
 a - a +0 hand axe (weapon)
Missiles
 b - 160 stones (quivered)
Armour
 c - a +0 robe (worn)
 p - a +0 helmet
Wands
 n - a wand of scattershot (5)
 r - a wand of polymorph (6)
Scrolls
 g - a scroll of noise {unknown}
 j - 4 scrolls of identify {unknown}
 l - a scroll of fog {unknown}
 q - a scroll of remove curse {unknown}
Books
 e - a book of Geomancy

   Spells                             Type                      Level
   a - Sandblast                      Earth                        1
   b - Passwall                       Transmutation/Earth          2
   c - Stone Arrow                    Conjuration/Earth            3
   d - Petrify                        Transmutation/Earth          4
   e - Lee's Rapid Deconstruction     Earth                        5
Comestibles
 d - 2 bread rations
 f - 3 fruits
 h - a meat ration
 i - a royal jelly


   Skills:
 + Level 0.0 Fighting
 + Level 1.5 Dodging
 - Level 2.1 Stealth
 * Level 3.8 Spellcasting
 * Level 0.0 Conjurations
   Level 0.7 Transmutations
 * Level 5.7 Earth Magic


You had 7 spell levels left.
You knew the following spells:

 Your Spells              Type           Power        Failure   Level  Hunger
a - Sandblast             Erth           ###...       1%          1    None
b - Stone Arrow           Conj/Erth      ##....       14%         3    ###....


Dungeon Overview and Level Annotations

Branches:
Dungeon (3/15)

Altars:
Elyvilon
Trog

Annotations:
D:3 kae's ghost, amateur GrEE


Innate Abilities, Weirdness & Mutations

You are resistant to torment.
Your stone body is resilient. (AC +4)
You are immune to poison.
You resist negative energy. (rN+)
You are resistant to electric shocks. (rElec)
You can survive without breathing.
You are immune to petrification.
You are immune to rotting.


Message History

b - 161 stones
Casting: Sandblast
Confirm with . or Enter, or press ? or * to list all spells.
Aiming: Sandblast
Press: ? - help, Shift-Dir - straight line, f/p - kae's ghost
Aim: kae's ghost (severely damaged)
The blast of sand misses kae's ghost.
b - 160 stones Kae's ghost closely misses you.
It was a potion of haste.
You feel yourself speed up. Kae's ghost barely misses you.
It was a potion of invisibility.
You fade into invisibility!
Kae's ghost barely misses you.
You are very lightly contaminated with residual magic.
It was a potion of agility.
You feel agile all of a sudden. Kae's ghost casts a spell at you.
The stone arrow hits you!
You die...

## .# .# #.#######.#
#####.......#.#
#.............#
#.#########W###############
#.# #####@.....(........#
####.#
#...).#.###########.#
#....# #.###.#.###### #.#
#.#### #...#........# #.#
#.# ###.#...####.######.#
#.# #..........#.#......#
#.# #.#.###.#.##.#.######
#.# #.#.# #......#.# ###.#
#.#.###<..####.#


You could see kae's ghost.

Vanquished Creatures
  An ogre (D:2)
  An orc wizard (D:3)
  3 adders
  2 dart slugs (D:2)
  3 orcs (D:3)
  A ball python (D:1)
  A giant cockroach (D:1)
  4 goblins
  4 hobgoblins (D:1)
  2 quokkas
  A bat (D:2)
  A frilled lizard (D:3)
  2 kobolds (D:3)
  4 rats (D:2)
30 creatures vanquished.

Notes
Turn   | Place    | Note
-------+----------+-------------------------------------------
     0 | D:1      | kae the Gargoyle Earth Elementalist began the quest for the Orb.
     0 | D:1      | Reached XP level 1. HP: 10/10 MP: 3/3
   385 | D:1      | Reached XP level 2. HP: 14/15 MP: 5/5
   512 | D:1      | Reached skill level 4 in Earth Magic
   872 | D:2      | Found a white marble altar of Elyvilon.
  1262 | D:2      | Noticed an ogre
  1269 | D:2      | Killed an ogre
  1269 | D:2      | Reached skill level 5 in Earth Magic
  1269 | D:2      | Reached XP level 3. HP: 19/19 MP: 2/7
  1269 | D:2      | Reached XP level 4. HP: 24/24 MP: 2/9
  1409 | D:2      | Reached XP level 5. HP: 13/28 MP: 8/10
  1703 | D:2      | Found a bloodstained altar of Trog.
  2305 | D:3      | Noticed kae's ghost (amateur GrEE)
  2655 | D:3      | Learned a level 3 spell: Stone Arrow
  2753 | D:3      | Killed from afar by kae's ghost

Vault maps used:
D:1:      lemuel_arrival_lava_pool, grunt_decor_cap
D:2:      overflow_temple_1_default, lemuel_coloured_pillars_altar,
          lemuel_statue_altar
D:3:      first_bread

Skill      XL: |  1  2 |
---------------+-------+-----
Earth Magic    | 5 |  5.7
Spellcasting   | 3 |  3.8
Dodging        | |  1.5
Stealth        | |  2.1
Transmutations | |  0.7

Action                   |  1- 3 |  4- 6 || total
-------------------------+-------+-------++-------
Melee: Unarmed           |    19 |       ||    19
       Hand axe          |    47 |    96 ||   143
 Cast: Sandblast         |     4 |    12 ||    16
       Stone Arrow       |       |     1 ||     1
  Use: Potion            |       |     3 ||     3
 Stab: Sleeping          |     2 |     3 ||     5
  Eat: Chunk             |     1 |     4 ||     5
Armor: Robe              |    29 |    29 ||    58
Dodge: Dodged            |    39 |    76 ||   115

Table legend:
 A = Spawn XP
 B = Non-spawn XP
 C = Spawn XP percentage of total XP
 D = Spawn monster count
 E = Non-spawn monster count
 F = Spawn count percentage of total count
 G = Total turns spent on level
                    A         B        C        D         E        F      G
               +---------+---------+-------+---------+---------+-------+---------
         Total |       0 |     245 |   0.0 |       0 |      30 |   0.0 |  2753
               +---------+---------+-------+---------+---------+-------+---------
           D:1 |       0 |      14 |   0.0 |       0 |       7 |   0.0 |   872
           D:2 |       0 |     161 |   0.0 |       0 |      13 |   0.0 |  1094
           D:3 |       0 |      70 |   0.0 |       0 |      10 |   0.0 |   787
               +---------+---------+-------+---------+---------+-------+---------
